 Dungeon Crawl Stone Soup version 0.23.2-1-ga50397a (webtiles) character file.

Game seed: 5811880060381810768

12185 schauveau the Crack Shot (level 11, -1/79 HPs)
             Began as a Centaur Hunter on Apr 26, 2019.
             Was a High Priest of Okawaru.
             Killed from afar by a deep elf mage (24 damage)
             ... with a bolt of lightning
             ... on level 12 of the Dungeon.
             The game lasted 00:24:50 (13419 turns).

schauveau the Crack Shot (Centaur Hunter)          Turns: 13419, Time: 00:24:51

Health: -1/79      AC:  8    Str: 14    XL:     11   Next: 59%
Magic:  11/11      EV:  4    Int: 10    God:    Okawaru [*****.]
Gold:   527        SH:  0    Dex: 14    Spells: 10/10 levels left

rFire    . . .     SeeInvis .   a - +5 shortbow
rCold    . . .     Gourm    .   (shield currently unavailable)
rNeg     . . .     Faith    .   e - +0 chain mail
rPois    +         Spirit   .   (no helmet)
rElec    .         Reflect  .   u - +1 cloak (curse)
rCorr    .         Harm     .   h - +0 pair of gloves (curse)
MR       .....                  (no barding)
Stlth    ..........             (no amulet)
HPRegen  0.23/turn              q - ring of poison resistance
MPRegen  0.12/turn              C - -2 ring of protection (curse)

@: very quick
A: large, hooves 3, deformed body, speed 2, tough skin 3
a: Heroism, Finesse, Renounce Religion


You were on level 12 of the Dungeon.
You worshipped Okawaru.
Okawaru was extremely pleased with you.
You were not hungry.

You visited 4 branches of the dungeon, and saw 15 of its levels.

You collected 527 gold pieces.

Inventory:

Hand Weapons
 a - a +5 shortbow (weapon)
 b - a +2 dagger of venom
 o - a +1 whip of venom
 v - a +3 spear
 w - a +0 hunting sling
Missiles
 d - 98 arrows (quivered)
 l - 368 stones
 m - 19 tomahawks
 p - 46 poisoned needles
 y - 3 curare-tipped needles
 G - 6 javelins
Armour
 e - a +0 chain mail (worn)
 h - a cursed +0 pair of gloves (worn)
 u - a cursed +1 cloak (worn)
 F - a +0 troll leather armour
 J - a +2 cloak
Jewellery
 q - a ring of poison resistance (left hand)
 z - an uncursed ring of resist corrosion
 C - a cursed -2 ring of protection (right hand)
 M - an uncursed ring of protection from magic
 N - an uncursed ring of positive energy
Wands
 c - a wand of digging (5)
 t - a wand of random effects (67)
 D - a wand of acid (25)
 L - a wand of scattershot (6)
 P - a wand of paralysis (12)
Scrolls
 s - 2 scrolls of fear
 x - 2 scrolls of magic mapping
 A - a scroll of remove curse
 B - a scroll of amnesia
 H - 4 scrolls of teleportation
 I - 3 scrolls of enchant armour
 K - 3 scrolls of immolation
 O - 2 scrolls of identify
 Q - a scroll of acquirement {unknown}
Potions
 g - 4 potions of agility
 i - 2 potions of ambrosia
 j - 8 potions of curing
 k - a potion of might {unknown}
 n - a potion of brilliance
 r - a potion of heal wounds
 E - 2 potions of cancellation
Comestibles
 f - 16 rations


   Skills:
 - Level 2.0 Fighting
 * Level 21.8 Bows
 - Level 1.3 Dodging
 - Level 0.4 Stealth


You had 10 spell levels left.
You didn't know any spells.
Your spell library contained the following spells:

 Spells                   Type           Power        Failure   Level  Hunger
 Magic Dart               Conj           #...         100%        1    ##.....
 Sting                    Conj/Pois      #...         100%        1    ##.....
 Blink                    Tloc           N/A          100%        2    ###....
 Call Imp                 Summ           #.......     100%        2    ###....
 Poisonous Vapours        Pois/Air       #.....       100%        2    ###....
 Slow                     Hex            #.......     100%        2    ###....
 Conjure Flame            Conj/Fire      #.......     100%        3    ####...
 Mephitic Cloud           Conj/Pois/Air  #.......     100%        3    ####...
 Olgreb's Toxic Radiance  Pois           #.......     100%        4    #####..
 Venom Bolt               Conj/Pois      #.........   100%        5    ######.


Dungeon Overview and Level Annotations

Branches:
Dungeon (12/15)            Temple (1/1) D:6            Lair (1/6) D:11
    Orc (1/2) D:9

Altars:
Ashenzari
Cheibriados
Dithmenos
Elyvilon
Fedhas
Hepliaklqana
Kikubaaqudgha
Makhleb
Nemelex Xobeh
Okawaru
Qazlal
Sif Muna
Trog
Uskayaw
Vehumet
Yredelemnul
Zin
The Shining One

Annotations:
D:8 2 transporters, Harold; dhn's ghost, novice FeWz
D:12 Jorgrun
Lair:1 Urug


Innate Abilities, Weirdness & Mutations

You have hooves in place of feet.
Armour fits poorly on your strangely shaped body.
You cover ground very quickly.
You have extremely tough skin. (AC +3)


Message History

Firing (i - inventory. (/) - cycle)
d - 100 arrows (quivered)
Press: ? - help, Shift-Dir - straight line, f/p - deep elf mage
Aim: a deep elf mage, wielding a +0 dagger (severely wounded)
You shoot an arrow. The arrow hits the deep elf mage!
The deep elf mage is almost dead.
Firing (i - inventory. (/) - cycle)
d - 99 arrows (quivered)
Press: ? - help, Shift-Dir - straight line, f/p - deep elf mage
Aim: a deep elf mage, wielding a +0 dagger (almost dead)
You shoot an arrow. The arrow hits the deep elf mage.
The deep elf mage is almost dead.
The deep elf mage casts a spell at you. The bolt of lightning hits you!!!
Ouch! That really hurt!
* * * LOW HITPOINT WARNING * * *
Wield which item (- for none, * to show all)? (? for menu, Esc to quit)
Okay, then.
You feel much better.
The deep elf mage points at you and mumbles some strange words.
The bolt of lightning hits you!!
You die...

###
..
###.#
.(.
#(#
#y#
#y#
#e#
#@#
##.#
##..#
#..##
#.##
#.#
#.#
#.#
#.#


You could see a deep elf mage and 2 killer bees.

Vanquished Creatures
  A two-headed ogre (D:8)
  Nergalle (D:10)
  Pikel (D:7)
  An ugly thing (D:11)
  A manticore (D:10)
  Maurice (D:8)
  A centaur skeleton (D:11)
  2 trolls (D:10)
  3 hippogriffs
  A wyvern (D:10)
  Sigmund (D:2)
  A wraith (D:11)
  A hungry ghost (D:12)
  Eustachio (D:4)
  A human (D:8)
  2 yaks (D:8)
  2 hogs
  Duvessa (D:7)
  6 ice beasts
  5 orc warriors
  A black bear (D:6)
  A necrophage (D:9)
  4 ogres
  4 sky beasts
  2 phantoms
  5 centaurs
  7 bullfrogs
  A wyvern zombie (D:11)
  Dowan (D:7)
  5 scorpions
  A wyvern skeleton (D:10)
  2 killer bees (D:12)
  12 wights
  A howler monkey (D:9)
  5 crimson imps
  A bullfrog zombie (D:2)
  4 centaur zombies
  2 quasits
  5 orc priests
  Crazy Yiuf (D:4)
  5 hounds
  2 jellies
  18 orc wizards
  2 iguanas
  6 worker ants
  2 hound skeletons
  A hound zombie (D:6)
  A worker ant zombie (D:6)
  A howler monkey skeleton (D:4)
  20 gnolls
  7 adders
  3 shadow imps
  3 oozes
  An adder skeleton (D:7)
  2 worms
  2 dart slugs (D:1)
  7 leopard geckos
  53 orcs
  8 giant cockroaches
  14 goblins
  6 hobgoblins
  19 jackals
  3 quokkas
  3 bats
  3 frilled lizards
  7 kobolds
  A leopard gecko skeleton (D:5)
  5 rats
304 creatures vanquished.

Vanquished Creatures (others)
  An ogre (Orc:1)
1 creature vanquished.

Grand Total: 305 creatures vanquished

Notes
Turn   | Place    | Note
-------+----------+-------------------------------------------
     0 | D:1      | schauveau the Centaur Hunter began the quest for the Orb.
     0 | D:1      | Reached XP level 1. HP: 17/17 MP: 1/1
    37 | D:1      | Reached XP level 2. HP: 19/24 MP: 2/2
    39 | D:1      | Reached skill level 6 in Bows
   361 | D:2      | Found a burning altar of Makhleb.
   363 | D:2      | Noticed an Executioner
   367 | D:2      | Noticed a smoke demon
   367 | D:2      | Noticed a hellwing
   403 | D:2      | Noticed Sigmund
   413 | D:2      | Killed Sigmund
   413 | D:2      | Reached skill level 8 in Bows
   413 | D:2      | Reached XP level 3. HP: 29/29 MP: 3/3
   413 | D:2      | Reached XP level 4. HP: 36/36 MP: 4/4
   413 | D:2      | Reached XP level 5. HP: 41/41 MP: 5/5
   534 | D:3      | Reached skill level 9 in Bows
   832 | D:3      | Reached XP level 6. HP: 4/48 MP: 6/6
  1338 | D:3      | Found a hazy altar of Hepliaklqana.
  1640 | D:4      | Reached skill level 10 in Bows
  1804 | D:4      | Reached skill level 11 in Bows
  1804 | D:4      | Reached XP level 7. HP: 20/55 MP: 7/7
  2225 | D:4      | You fall through a shaft for 3 floors!
  2236 | D:7      | Noticed a hippogriff
  2255 | D:7      | Killed a hippogriff
  2255 | D:7      | Reached skill level 12 in Bows
  2386 | D:7      | Noticed Duvessa
  2386 | D:7      | Noticed Dowan
  2478 | D:7      | Killed Duvessa
  2481 | D:7      | Killed Dowan
  2481 | D:7      | Reached XP level 8. HP: 43/61 MP: 8/8
  2588 | D:8      | Noticed Maurice
  2588 | D:8      | Noticed a two-headed ogre
  2610 | D:7      | Reached skill level 13 in Bows
  2884 | D:5      | Entered Level 5 of the Dungeon
  3102 | D:5      | Reached skill level 14 in Bows
  3149 | D:5      | You fall through a shaft for 2 floors!
  3179 | D:7      | Noticed Pikel
  3204 | D:7      | Killed Pikel
  3204 | D:7      | Reached skill level 15 in Bows
  3258 | D:7      | Reached XP level 9. HP: 66/67 MP: 9/9
  3349 | D:7      | Found a basalt altar of Yredelemnul.
  3644 | D:6      | Found a staircase to the Ecumenical Temple.
  3650 | Temple   | Entered the Ecumenical Temple
  3673 | Temple   | Became a worshipper of Warmaster Okawaru
  3964 | D:6      | Reached skill level 16 in Bows
  4204 | D:6      | Reached * piety under Okawaru
  4589 | D:5      | Found a stormy altar of Qazlal.
  4854 | D:1      | Reached skill level 17 in Bows
  5627 | D:2      | Found a hide-covered altar of Uskayaw.
  5628 | D:2      | Found a sparkling altar of Nemelex Xobeh.
  5628 | D:2      | Found a glowing silver altar of Zin.
  5628 | D:2      | Found a white marble altar of Elyvilon.
  5629 | D:2      | Found a snail-covered altar of Cheibriados.
  5630 | D:2      | Found a deep blue altar of Sif Muna.
  5807 | D:2      | Found a blossoming altar of Fedhas.
  6612 | D:4      | Noticed Eustachio
  6620 | D:4      | Killed Eustachio
  6742 | D:4      | Found a runed translucent door.
  6743 | D:4      | Noticed Crazy Yiuf
  6913 | D:4      | Killed Crazy Yiuf
  7698 | D:7      | Reached ** piety under Okawaru
  8207 | D:8      | Reached XP level 10. HP: 73/73 MP: 10/10
  8246 | D:8      | Reached skill level 18 in Bows
  8355 | D:8      | Killed Maurice
  8416 | D:8      | Found a transporter.
  8650 | D:8      | Killed a two-headed ogre
  8650 | D:8      | Reached skill level 19 in Bows
  8738 | D:8      | Reached *** piety under Okawaru
  9213 | D:8      | Noticed Harold
  9663 | D:8      | Found a bloodstained altar of Trog.
  9763 | D:8      | Found a transporter.
  9782 | D:8      | Noticed dhn's ghost (novice FeWz)
 10200 | D:9      | Found a staircase to the Orcish Mines.
 10343 | D:9      | Reached skill level 20 in Bows
 10553 | D:10     | Entered Level 10 of the Dungeon
 10763 | D:10     | Noticed a manticore
 10771 | D:10     | Killed a manticore
 10771 | D:10     | Reached **** piety under Okawaru
 10771 | D:10     | Reached XP level 11. HP: 70/79 MP: 11/11
 10962 | D:10     | Found a glowing golden altar of the Shining One.
 11181 | D:11     | Noticed Nergalle
 11191 | D:11     | Noticed a purple ugly thing
 11212 | D:10     | Killed Nergalle
 11472 | D:11     | Reached ***** piety under Okawaru
 11472 | D:11     | Reached skill level 21 in Bows
 11577 | D:11     | Found a staircase to the Lair.
 11750 | D:11     | Killed a purple ugly thing
 11811 | D:11     | Received a gift from Okawaru
 12501 | D:12     | Noticed Jorgrun
 12812 | Lair:1   | Entered Level 1 of the Lair of Beasts
 12812 | Lair:1   | Noticed Urug
 13139 | Orc:1    | Entered Level 1 of the Orcish Mines
 13139 | Orc:1    | Noticed an orc knight
 13139 | Orc:1    | Noticed an orc sorcerer
 13394 | D:12     | Noticed a deep elf mage
 13418 | D:12     | HP: 3/79 [deep elf mage/bolt of lightning (42)]
 13419 | D:12     | Killed from afar by a deep elf mage

Skill      XL: |  1  2  3  4  5  6  7  8  9 10 11 |
---------------+----------------------------------+-----
Bows           | 8 9 11 12 15 17 20 21 | 21.8
Fighting       | |  2.0
Dodging        | |  1.3
Stealth        | |  0.4

Action                   |  1- 3 |  4- 6 |  7- 9 | 10-12 || total
-------------------------+-------+-------+-------+-------++-------
Melee: Short sword       |    26 |       |       |       ||    26
       Kick              |     5 |     9 |    19 |       ||    33
       Dagger            |       |    35 |    93 |       ||   128
       Whip              |       |     6 |       |       ||     6
 Fire: Shortbow          |     9 |   106 |   459 |   716 ||  1290
  Use: Scroll            |       |     3 |    15 |     5 ||    23
       Potion            |       |       |       |     3 ||     3
  Eat: Chunk             |       |     2 |     6 |     1 ||     9
       Ration            |       |       |     3 |     4 ||     7
Armor: Leather armour    |     6 |       |       |       ||     6
       Chain mail        |     5 |    47 |   128 |    76 ||   256
Dodge: Dodged            |    16 |    14 |    39 |    34 ||   103
